 Seeded DCSS version 0.29-a0-40-g8eb35efe60 (webtiles) character file.

Game seed: 20220201 (custom seed)

4125 muata the Cleaver (level 10, -13/86 HPs)
             Began as a Minotaur Berserker on Feb 1, 2022.
             Was an Elder of Trog.
             Killed from afar by an electric eel (16 damage)
             ... with a bolt of electricity
             ... in a bailey.
             The game lasted 00:15:06 (7125 turns).

muata the Cleaver (Minotaur Berserker)              Turns: 7125, Time: 00:15:07

Health: -13/86     AC: 15    Str: 27    XL:     10   Next: 6%
Magic:  9/9        EV:  8    Int:  4    God:    Trog [****..]
Gold:   326        SH:  0    Dex:  9    Spells: 9/9 levels left

rFire   . . .      SeeInvis .   p - +1 war axe (elec)
rCold   . . .      Faith    .   (no shield)
rNeg    . . .      Spirit   .   o - +0 plate armour
rPois   .          Reflect  .   (helmet restricted)
rElec   .          Harm     +   k - scarf {harm}
rCorr   .          Rampage  .   q - +0 pair of gloves
Will    .....                   (no boots)
Stlth   ..........              (no amulet)
HPRegen 0.24/turn               j - ring of flight
MPRegen 0.11/turn               (no ring)

@: on berserk cooldown, flying, slowed, very slow
A: horns 2, retaliatory headbutt
a: Renounce Religion, Berserk, Trog's Hand, Brothers in Arms


You were in a bailey.
You worshipped Trog.
Trog was greatly pleased with you.
You visited 1 branch of the dungeon, and saw 8 of its levels.
You also visited: Bailey.

You collected 326 gold pieces.

Inventory:

Hand Weapons
 p - a +1 war axe of electrocution (weapon)
Missiles
 g - 12 poisoned darts (quivered)
 i - 2 throwing nets
 w - 4 atropa-tipped darts
Armour
 k - a scarf of harm (worn)
 o - a +0 plate armour (worn)
 q - a +0 pair of gloves (worn)
 u - a +0 cloak
Jewellery
 j - a ring of flight (left hand)
Wands
 a - a wand of mindburst (12)
 m - a wand of digging (7)
 v - a wand of flame (1)
 y - a wand of paralysis (10)
Scrolls
 c - a scroll of torment {unknown}
 d - 2 scrolls of blinking
 f - a scroll of fear {unknown}
 h - 2 scrolls of amnesia
 n - a scroll of immolation {unknown}
 r - 2 scrolls of noise {unknown}
 s - 2 scrolls of teleportation
 z - a scroll of enchant armour
 A - a scroll of vulnerability {unknown}
 B - a scroll of identify
 C - a scroll of summoning {unknown}
Potions
 b - a potion of mutation {unknown}
 e - 2 potions of berserk rage
 l - a potion of invisibility
 t - a potion of heal wounds {unknown}
 x - 2 potions of curing


   Skills:
 - Level 7.0 Fighting
 * Level 14.0 Axes
 + Level 9.1 Armour
 - Level 2.1 Dodging


You had 9 spell levels left.
You didn't know any spells.
Your spell library was empty.

Dungeon Overview and Level Annotations

Branches:
Dungeon (8/15)             Temple (0/1) D:5          Bailey (1/1)
   Lair: D:8-11

Altars:
Dithmenos
Makhleb
Trog
Xom


Innate Abilities, Weirdness & Mutations

You have a pair of horns on your head.
You reflexively headbutt those who attack you in melee.


Message History

You hit the orc knight but do no damage.
You headbutt the orc knight.
The orc knight is severely wounded.
The orc knight hits you with a +0 war axe!!
* * * LOW HITPOINT WARNING * * *
You hit the orc knight.
The orc knight is severely wounded.
The orc knight hits you with a +0 war axe.
* * * LOW HITPOINT WARNING * * *
The orc knight hits you but does no damage.
You barely miss the orc knight.
You headbutt the orc knight, but do no damage.
The orc knight is severely wounded.
The orc knight hits you with a +0 war axe.
* * * LOW HITPOINT WARNING * * *
You slash the orc knight!
Lightning courses through the orc knight!
You kill the orc knight!
Trog accepts your kill.
You slash the orc warrior!
The orc warrior hits you but does no damage.
The orc warrior closely misses you. You furiously retaliate!
You headbutt the orc warrior.
Your Axes skill increases to level 14!
Your Armour skill increases to level 9!
You have reached level 10!
Your ogre goes berserk!
You can no longer call in reinforcements.
The hobgoblin barely misses you. The orc warrior barely misses you.
You furiously retaliate!
You headbutt the orc warrior!
You kill the orc warrior!
Trog accepts your kill.
The hobgoblin hits you but does no damage.
Your ogre barely misses the hobgoblin.
You barely miss the hobgoblin.
Your ogre hits the hobgoblin with a +0 giant club!
The hobgoblin dies!
Trog accepts your kill.
You can now call in reinforcements.
The electric eel shoots out a bolt of lightning at you!
The bolt of electricity hits you!
You die...

≈≈≈≈≈≈≈...≈≈≈≈≈≈
###≈≈≈≈...S≈≈≈#
#...........#
#####'''#####
#..'))).O'..#
#..'....))..#
#..⌠))#..#
#.....#.o...
#...@.# ..8.#
####### ..g.#
#8o# .g#


You could see an electric eel (ally target) and a friendly ogre (summoned,
berserk).

Vanquished Creatures
  A two-headed ogre (D:6)
  Pikel (D:5)
  An orc knight (Bailey)
  Edmund (D:5)
  2 water moccasins
  2 ice beasts
  A black bear (D:6)
  3 orc warriors (Bailey)
  A necrophage (D:5)
  A lemure (D:5)
  2 phantoms
  3 bullfrogs
  4 scorpions
  2 wyvern skeletons (D:6)
  A water moccasin skeleton (D:5)
  A howler monkey (D:7)
  3 centaur zombies
  A bullfrog skeleton (D:5)
  2 hounds
  2 jellies (D:5)
  Crazy Yiuf (D:3)
  4 orc priests
  3 iguanas (D:5)
  7 orc wizards
  A killer bee zombie (D:5)
  A howler monkey skeleton (D:5)
  8 adders
  A shadow imp (D:6)
  An adder skeleton (D:4)
  A worm (D:4)
  2 dart slugs
  34 orcs
  4 endoplasms
  3 giant cockroaches
  7 goblins
  8 hobgoblins
  4 jackals (D:3)
  4 quokkas
  8 ball pythons
  4 bats
  3 frilled lizards
  5 kobolds
  4 rats
153 creatures vanquished.

Vanquished Creatures (collateral kills)
  A hobgoblin (Bailey)
1 creature vanquished.

Vanquished Creatures (others)
  A wizard (D:6)
1 creature vanquished.

Grand Total: 155 creatures vanquished

Notes
Turn   | Place    | Note
-------+----------+-------------------------------------------
     0 | D:1      | muata the Minotaur Berserker began the quest for the Orb.
     0 | D:1      | Reached XP level 1. HP: 19/19 MP: 0/0
   153 | D:1      | Reached skill level 4 in Axes
   153 | D:1      | Reached XP level 2. HP: 24/27 MP: 1/1
   755 | D:1      | Reached ** piety under Trog
   779 | D:1      | Found a faded altar of an unknown god.
   910 | D:1      | Reached XP level 3. HP: 34/34 MP: 2/2
  1156 | D:2      | Found a shadowy altar of Dithmenos.
  1715 | D:2      | Reached XP level 4. HP: 39/41 MP: 3/3
  1995 | D:2      | Reached skill level 5 in Fighting
  1995 | D:2      | Reached skill level 5 in Axes
  2464 | D:3      | Noticed a scorpion
  2469 | D:3      | Killed a scorpion
  2470 | D:3      | Reached XP level 5. HP: 48/48 MP: 4/4
  2800 | D:3      | Found a shimmering altar of Xom.
  2839 | D:3      | Found a runed translucent door.
  2840 | D:3      | Noticed Crazy Yiuf
  3094 | D:3      | Reached *** piety under Trog
  3292 | D:3      | Killed Crazy Yiuf
  3293 | D:3      | Reached skill level 6 in Axes
  3680 | D:4      | Reached XP level 6. HP: 50/58 MP: 5/5
  3926 | D:4      | Found a burning altar of Makhleb.
  4361 | D:5      | Entered Level 5 of the Dungeon
  4361 | D:5      | Found a staircase to the Ecumenical Temple.
  4366 | D:5      | Reached skill level 7 in Axes
  4389 | D:5      | Noticed an ice beast
  4393 | D:5      | Killed an ice beast
  4394 | D:5      | Reached XP level 7. HP: 66/66 MP: 6/6
  4425 | D:5      | Reached skill level 8 in Axes
  4538 | D:5      | Noticed Edmund
  4545 | D:5      | Killed Edmund
  4592 | D:5      | Noticed Pikel
  4600 | D:5      | Killed Pikel
  4601 | D:5      | Reached skill level 10 in Axes
  4601 | D:5      | Reached skill level 5 in Armour
  4601 | D:5      | Reached XP level 8. HP: 69/73 MP: 7/7
  4734 | D:5      | Reached **** piety under Trog
  4956 | D:5      | Reached skill level 11 in Axes
  5314 | D:6      | Reached XP level 9. HP: 65/79 MP: 8/8
  5670 | D:6      | Noticed a two-headed ogre
  5671 | D:6      | Upgraded the game from 0.29-a0-25-g7f48f510a0 to
                  | 0.29-a0-40-g8eb35efe60
  5677 | D:6      | Killed a two-headed ogre
  5678 | D:6      | Reached skill level 12 in Axes
  5926 | D:6      | Found a bloodstained altar of Trog.
  5930 | D:6      | Noticed a wizard
  5934 | D:6      | Killed a wizard
  6691 | D:7      | Reached skill level 13 in Axes
  7058 | D:8      | Found a flagged portal.
  7084 | Bailey   | Entered a bailey
  7108 | Bailey   | Noticed an orc knight
  7120 | Bailey   | HP: 1/79 [orc knight (7)]
  7121 | Bailey   | Killed an orc knight
  7122 | Bailey   | Reached skill level 14 in Axes
  7122 | Bailey   | Reached XP level 10. HP: 2/86 MP: 9/9
  7125 | Bailey   | Killed from afar by an electric eel

Illustrated notes

Levels and vault maps discovered:
D:1:      shiori_arrival_maze, layout_loops_ring,
          shapermc_ecumenical_altar_mp_vishouse
D:2:      layout_basic, basic_altar, minivault_14
D:3:      layout_loops_ring, xom_teletrap_fun, uniq_crazy_yiuf_cottage
D:4:      layout_basic, makhleb_heckhound_becter, serial_rivers,
          chequers_serial_rivers_small_b, chequers_serial_rivers_micro_b,
          chequers_serial_rivers_small_b, chequers_serial_rivers_micro_c,
          chequers_serial_rivers_micro_c, chequers_serial_rivers_large_b
D:5:      layout_basic, minmay_temple_entry_offerings, minmay_circle_x,
          uniq_edmund, uniq_pikel
D:6:      layout_basic, trog_wizard
D:7:      layout_rooms
D:8:      layout_rooms, enter_bailey_1, chequers_serial_rivers_room_a,
          uniq_psyche
Bailey:   bailey_axe_of_yendor_kennysheep, bailey

Skill      XL: |  1  2  3  4  5  6  7  8  9 |
---------------+----------------------------+-----
Fighting       | 4 5 6 7 |  7.0
Axes           | 4 5 6 7 10 11 14 | 14.0
Armour         | 5 6 9 |  9.1
Dodging        | |  2.1

Action                   |  1- 3 |  4- 6 |  7- 9 | 10-12 || total
-------------------------+-------+-------+-------+-------++-------
Melee: Hand axe          |    78 |    30 |       |       ||   108
       Headbutt          |    11 |    15 |    18 |       ||    44
       War axe           |       |    90 |   130 |     1 ||   221
       Punch             |       |       |     3 |       ||     3
Invok: Berserk           |     1 |     2 |     3 |       ||     6
       Brothers in Arms  |       |       |       |     1 ||     1
  Use: Scroll            |       |       |     6 |       ||     6
 Stab: Sleeping          |     1 |       |       |       ||     1
Armor: Animal skin       |     9 |       |       |       ||     9
       Ring mail         |     3 |     8 |       |       ||    11
       Plate armour      |       |    67 |    65 |     1 ||   133
Dodge: Dodged            |    45 |    38 |    57 |     2 ||   142

Table legend: (Time is in decaauts)
 A = Elapsed time spent in this place.
 B = Non-inter-level travel time spent in this place.
 C = Inter-level travel time spent in this place.
 D = Time resting spent in this place.
 E = Time spent auto-exploring this place.
 F = Levels seen in this place.
 G = Mean time per level.
                   A        B        C        D        E       F      G
               +--------+--------+--------+--------+--------+-----+--------+
         Total |   7172 |   6547 |    625 |    492 |   4842 |   9 |  796.9 |
       Dungeon |   7128 |   6503 |    625 |    492 |   4842 |   8 |  891.0 |
        Bailey |     43 |     43 |      0 |      0 |      0 |   1 |   43.0 |
               +--------+--------+--------+--------+--------+-----+--------+

Top non-repeatable levels by time:
     D:2: 1296 daAuts
     D:6: 1271 daAuts
     D:1: 1104 daAuts
     D:3: 1064 daAuts
     D:4: 917 daAuts
     D:5: 777 daAuts
     D:7: 632 daAuts
     D:8: 64 daAuts
  Bailey: 43 daAuts
